 Dungeon Crawl Stone Soup version 0.29-a0-283-ga02f740833 (webtiles) character file.

Game seed: 13351978240760235516

3458 mathmaestro the Ruffian (level 9, -1/92 HPs)
             Began as a Troll Monk on Mar 14, 2022.
             Slain by a killer bee (8 damage)
             ... on level 8 of the Dungeon.
             The game lasted 00:10:37 (6036 turns).

mathmaestro the Ruffian (Troll Monk)                Turns: 6036, Time: 00:10:37

Health: -1/92      AC:  6    Str: 25    XL:     9   Next: 78%
Magic:  8/8        EV: 11    Int:  9    God:
Gold:   271        SH:  0    Dex: 18    Spells: 8/8 levels left

rFire   . . .      SeeInvis .     - Unarmed
rCold   . . .      Faith    .   (no shield)
rNeg    + . .      Spirit   .   a - +0 robe
rPois   .          Reflect  .   (helmet restricted)
rElec   .          Harm     .   v - +1 cloak
rCorr   .          Rampage  .   (gloves unavailable)
Will    ++...                   (boots unavailable)
Stlth   ++........              d - amulet of the Omega Point {Contam rN+ Will+ Regen+ Int+3}
HPRegen 1.85/turn               o - +6 ring of dexterity
MPRegen 0.11/turn               q - ring of willpower

@: lethally poisoned (-1 -> -1)
A: large, unfitting armour, claws 3, regeneration 1, shaggy fur 1, tough skin 1
a: no special abilities


You were on level 8 of the Dungeon.
You visited 2 branches of the dungeon, and saw 9 of its levels.

You collected 384 gold pieces.
You spent 113 gold pieces at shops.

Inventory:

Hand Weapons
 h - a +4 falchion of flaming
Missiles
 f - 258 stones
 i - 10 javelins
 k - 17 poisoned darts
 r - 2 throwing nets
 w - a curare-tipped dart
 x - 4 large rocks (quivered)
Armour
 a - a +0 robe (worn)
 v - a +1 cloak (worn)
Jewellery
 d - the amulet of the Omega Point (around neck) {Contam rN+ Will+ Regen+ Int+3}
   (You found it on level 3 of the Dungeon)

   [amulet of regeneration]

   Int:       It affects your intelligence (+3).
   rN:        It protects you from negative energy.
   Contam:    It causes magical contamination when unequipped.
   Regen:     It increases your rate of health regeneration.
   Will:      It increases your willpower.
 o - a +6 ring of dexterity (left claw)
 q - a ring of willpower (right claw)
Wands
 m - a wand of flame (19)
 s - a wand of polymorph (6)
Scrolls
 e - a scroll of identify
 j - 3 scrolls of teleportation
 l - 2 scrolls of fear
 p - a scroll of magic mapping
 t - 2 scrolls of enchant armour
Potions
 b - 2 potions of ambrosia
 c - a potion of might
 g - a potion of curing
 n - a potion of magic
 u - 2 potions of haste


   Skills:
 + Level 6.5 Fighting
 + Level 5.9 Throwing
 - Level 3.0 Dodging
 - Level 1.0 Stealth
 + Level 7.7 Unarmed Combat
 + Level 4.9 Evocations


You had 8 spell levels left.
You didn't know any spells.
Your spell library contained the following spells:

 Spells                   Type           Power      Damage    Failure   Level
 Magic Dart               Conj           0%         1d3       38%         1
 Searing Ray              Conj           0%         2d4       52%         2
 Static Discharge         Conj/Air       0%         N/A       52%         2
 Dazzling Flash           Conj/Hex       0%         N/A       77%         3
 Stone Arrow              Conj/Erth      0%         3d7       77%         3
 Animate Armour           Summ/Erth      0%         N/A       99%         4
 Dispel Undead            Necr           0%         3d6       99%         4
 Fulminant Prism          Conj/Hex       0%         3d6       99%         4
 Sticky Flame             Conj/Fire      0%         2d3       99%         4
 Agony                    Necr           0%         N/A       100%        5
 Silence                  Hex/Air        0%         N/A       100%        5
 Lehudib's Crystal Spear  Conj/Erth      0%         10d2      100%        8


Dungeon Overview and Level Annotations

Branches:
Dungeon (8/15)             Temple (1/1) D:7            Lair (0/6) D:8

Altars:
Ashenzari
Cheibriados
Dithmenos
Elyvilon
Fedhas
Hepliaklqana
Kikubaaqudgha
Makhleb
Nemelex Xobeh
Okawaru
Qazlal
Sif Muna
Vehumet
Wu Jian
Xom
Yredelemnul
Zin
The Shining One
Jiyva

Shops:
D:3 (*

Annotations:
D:8 1 transporter


Innate Abilities, Weirdness & Mutations

You are too large for most types of armour.
You have claws for hands.
Your natural rate of healing is unusually fast.
You are covered in fur. (AC +1)
You have tough skin. (AC +1)


Message History

You feel sick. The killer bee stings you.
* * * LOW HITPOINT WARNING * * *
You scratch the killer bee.
The killer bee is almost dead.
You feel sick. The killer bee stings you.
* * * LOW HITPOINT WARNING * * *
You are more poisoned.
The killer bee poisons you!
The killer bee stings you but does no damage.
You feel better. The killer bee stings you.
* * * LOW HITPOINT WARNING * * *
You are poisoned.
The killer bee poisons you! The killer bee stings you.
* * * LOW HITPOINT WARNING * * *
You are more poisoned.
The killer bee poisons you!
You scratch the killer bee. Your claw misses the killer bee.
The killer bee is almost dead.
You feel very sick. The killer bee stings you.
* * * LOW HITPOINT WARNING * * *
The killer bee closely misses you.
Unknown command.
You miss the killer bee.
The killer bee is almost dead.
You feel very sick. The killer bee stings you.
* * * LOW HITPOINT WARNING * * *
The killer bee closely misses you.
You miss the killer bee.
The killer bee is almost dead.
You feel sick. The killer bee barely misses you.
You completely miss the killer bee.
The killer bee is almost dead.
You feel sick. The killer bee barely misses you.
The killer bee stings you but does no damage.
You miss the killer bee.
The killer bee is almost dead.
You feel sick. The killer bee stings you!
You die...

.........# #.....#.
.........###.....## #.....#.
.........# ©.._... #.......
.........###.....#########.......
##########.........#.............
..[..##.}#J#..##.............
......##G###J##..........<...
.......#######........######.
#....©y@.........#......
#...#.######.....#......
.y...............#....)#......
.................#....))......
.................#.....#).....
.................#.....#.....#
####+##....#######.....#.....#
#....# #.........#...... #.....
#.........#......


You could see a slime creature, a glowing orange brain and a killer bee.

Vanquished Creatures
  A cyclops (D:8)
  Prince Ribbit (D:7)
  A hornet (D:8)
  Sigmund (D:5)
  Duvessa (D:4)
  An ice beast (D:5)
  3 black bears
  An ogre (D:7)
  A wolf (D:8)
  A centaur (D:8)
  A phantom (D:6)
  A kobold brigand (D:8)
  2 bullfrogs
  2 necrophages
  2 scorpions
  Dowan (D:4)
  2 killer bees (D:8)
  3 electric eels (D:8)
  5 jellies
  9 hounds
  Crazy Yiuf (D:7)
  2 gnoll shamans (D:7)
  3 iguanas (D:5)
  5 orc wizards
  Robin (D:2)
  13 gnolls
  7 adders
  2 shadow imps
  A white imp (D:6)
  An ufetubus (D:6)
  3 worms (D:2)
  A dart slug (D:4)
  17 orcs
  2 bats
  7 endoplasms
  A giant cockroach (D:4)
  13 goblins
  8 hobgoblins
  8 jackals (D:1)
  5 quokkas
  5 ball pythons
  A frilled lizard (D:3)
  8 kobolds
  5 rats
160 creatures vanquished.

Notes
Turn   | Place    | Note
-------+----------+-------------------------------------------
     0 | D:1      | mathmaestro the Troll Monk began the quest for the Orb.
     0 | D:1      | Reached XP level 1. HP: 22/22 MP: 0/0
    97 | D:1      | Found a faded altar of an unknown god.
   135 | D:1      | Reached XP level 2. HP: 29/29 MP: 1/1
   332 | D:1      | Reached XP level 3. HP: 36/36 MP: 2/2
   631 | D:2      | Noticed Robin
   653 | D:2      | Killed Robin
   654 | D:2      | Reached XP level 4. HP: 35/45 MP: 3/3
   781 | D:2      | Identified the +8 hunting sling "Pugiuqub" {venom, rC++}
  1115 | D:3      | Found Woagh's Assorted Antiques.
  1120 | D:3      | Bought a scroll labelled JOCABO SEESCH for 29 gold pieces
  1120 | D:3      | Bought a fizzy golden potion for 26 gold pieces
  1150 | D:3      | Bought a scroll of identify for 58 gold pieces
  1234 | D:3      | Found a basalt altar of Yredelemnul.
  1264 | D:3      | Reached skill level 4 in Unarmed Combat
  1281 | D:3      | Found Agysmew's Antique Weapon Emporium.
  1476 | D:3      | Found a glowing golden altar of the Shining One.
  1502 | D:3      | Identified the amulet of the Omega Point {Contam rN+ Will+
                  | Regen+ Int+3}
  1860 | D:4      | Noticed a black bear
  1894 | D:3      | Killed a black bear
  1895 | D:3      | Reached skill level 1 in Throwing
  1895 | D:3      | Reached skill level 1 in Evocations
  1895 | D:3      | Reached XP level 5. HP: 30/53 MP: 4/4
  2161 | D:4      | Reached XP level 6. HP: 47/62 MP: 5/5
  2202 | D:4      | Noticed Duvessa
  2205 | D:4      | Noticed Dowan
  2217 | D:4      | Killed Duvessa
  2221 | D:4      | Killed Dowan
  2339 | D:4      | Reached skill level 5 in Unarmed Combat
  2339 | D:4      | Reached XP level 7. HP: 47/70 MP: 6/6
  2537 | D:5      | Entered Level 5 of the Dungeon
  2845 | D:5      | Noticed Sigmund
  2858 | D:5      | Killed Sigmund
  2937 | D:5      | Reached XP level 8. HP: 79/79 MP: 7/7
  3315 | D:5      | Reached skill level 5 in Fighting
  3315 | D:5      | Reached skill level 6 in Unarmed Combat
  3395 | D:6      | Found a broken altar of Ashenzari.
  3614 | D:6      | Found an ancient bone altar of Kikubaaqudgha.
  4374 | D:7      | Noticed Prince Ribbit
  4403 | D:7      | Killed Prince Ribbit
  4470 | D:7      | Found a runed translucent door.
  4471 | D:7      | Noticed Crazy Yiuf
  4477 | D:7      | Killed Crazy Yiuf
  4478 | D:7      | Reached XP level 9. HP: 70/88 MP: 8/8
  4661 | D:7      | Found a staircase to the Ecumenical Temple.
  5120 | Temple   | Entered the Ecumenical Temple
  5385 | D:8      | Reached skill level 5 in Throwing
  5432 | D:8      | Reached skill level 7 in Unarmed Combat
  5441 | D:8      | Noticed a troll
  5454 | D:8      | a troll changed into a wyvern
  5456 | D:8      | HP: 3/89 [wyvern (15)]
  5608 | D:8      | Found a staircase to the Lair.
  5872 | D:8      | Found a shadowy altar of Dithmenos.
  5885 | D:8      | Noticed a cyclops
  5898 | D:8      | Killed a cyclops
  5990 | D:8      | Found a transporter.
  5996 | D:8      | Found a viscous altar of Jiyva.
  5996 | D:8      | Noticed a glowing orange brain
  6036 | D:8      | Slain by a killer bee

Illustrated notes

Levels and vault maps discovered:
D:1:      minmay_arrival_checkered_box, layout_rooms, basic_ecumenical_altar
D:2:      layout_rooms, nrook_loot_triangle, kennysheep_path_1,
          minmay_circled_x, uniq_robin
D:3:      layout_loops_ring, lemuel_doored_altar, mainiacjoe_overflow_brackets,
          serial_shops, shop, nicolae_shop_statue_plus,
          ebering_dispersal_statue_hall
D:4:      layout_cave_pools, uniq_duvessa
D:5:      layout_loops_ring, uniq_sigmund
D:6:      layout_loops_ring, nicolae_ashenzari_panopticon,
          nicolae_kikubaaqudgha_miasma_corner
D:7:      layout_basic, minmay_temple_entry_antechambers, uniq_prince_ribbit1,
          uniq_crazy_yiuf_cottage
D:8:      gammafunk_jiyva_shrine, layout_gridville,
          nicolae_overflow_crystal_walls, erik_lair_island
Temple:   nicolae_temple_figure_eight

Skill      XL: |  1  2  3  4  5  6  7  8  9 |
---------------+----------------------------+-----
Fighting       | 3 4 5 6 |  6.5
Dodging        | 3 |  3.0
Unarmed Combat | 4 5 6 7 |  7.7
Throwing       | 1 2 3 4 5 |  5.9
Evocations     | 1 2 4 |  4.9
Stealth        | |  1.0

Action                   |  1- 3 |  4- 6 |  7- 9 || total
-------------------------+-------+-------+-------++-------
Melee: Unarmed           |    91 |   103 |   290 ||   484
       Punch             |     1 |     1 |    14 ||    16
Throw: Boomerang         |       |       |     7 ||     7
Evoke: Wand              |       |       |     7 ||     7
  Use: Scroll            |       |    10 |     9 ||    19
       Potion            |       |       |     2 ||     2
 Stab: Sleeping          |     3 |     3 |     3 ||     9
Armor: Robe              |    31 |    33 |    90 ||   154
Dodge: Dodged            |    36 |    61 |   165 ||   262

Table legend: (Time is in decaauts)
 A = Elapsed time spent in this place.
 B = Non-inter-level travel time spent in this place.
 C = Inter-level travel time spent in this place.
 D = Time resting spent in this place.
 E = Time spent auto-exploring this place.
 F = Levels seen in this place.
 G = Mean time per level.
                   A        B        C        D        E       F      G
               +--------+--------+--------+--------+--------+-----+--------+
         Total |   6002 |   5660 |    342 |    298 |   4157 |   9 |  666.9 |
       Dungeon |   5782 |   5453 |    329 |    298 |   3951 |   8 |  722.8 |
        Temple |    219 |    207 |     12 |      0 |    206 |   1 |  219.0 |
               +--------+--------+--------+--------+--------+-----+--------+

Top non-repeatable levels by time:
     D:7: 1126 daAuts
     D:3: 1038 daAuts
     D:6: 796 daAuts
     D:5: 794 daAuts
     D:2: 562 daAuts
     D:8: 541 daAuts
     D:4: 507 daAuts
     D:1: 414 daAuts
  Temple: 219 daAuts
